 Dungeon Crawl Stone Soup version 0.25.0-1-g7eea58d2a3 (webtiles) character file.

Game seed: 77411936919153414

7184 mortelune the Cleaver (level 11, -14/88 (89) HPs)
             Began as a Formicid Abyssal Knight on June 13, 2020.
             Was an Elder of Lugonu.
             Demolished by a death ooze (16 damage)
             ... in a Gauntlet.
             The game lasted 00:26:45 (15282 turns).

mortelune the Cleaver (Formicid Abyssal Knight)    Turns: 15282, Time: 00:26:46

HP:   -14/88 (89)   AC: 21    Str: 35    XL:     11   Next: 32%
MP:   17/17         EV: 12    Int: 14    God:    Lugonu [****..]
Gold: 247           SH:  0    Dex:  7    Spells: 10/10 levels left

rFire    + + +     SeeInvis +   a - +3 hand axe (venom)
rCold    + + .     Gourm    .   (no shield)
rNeg     . . .     Faith    .   p - +1 plate armour
rPois    +         Spirit   .   (helmet unavailable)
rElec    +         Reflect  .   F - scarf {rC+ rF+}
rCorr    +         Harm     .   g - +2 pair of gloves
MR       ++...                  L - +2 pair of boots "Jueh" {rF+ Int+2}
Stlth    ..........             (no amulet)
HPRegen  0.24/turn              B - +6 ring of strength
MPRegen  0.15/turn              R - ring of Gicobim {MR+ EV+4 Str+9 Dex-3 Stlth+}

@: mighty, resistant
A: permanent stasis, dig shafts and tunnels, four strong arms, antennae 3
a: Dig, Shaft Self, Depart the Abyss, Bend Space, Banish, Corrupt, Renounce
Religion


You were in a Gauntlet.
You worshipped Lugonu.
Lugonu was greatly pleased with you.
You were not hungry.

You visited 1 branch of the dungeon, and saw 11 of its levels.
You visited the Abyss 1 time.
You also visited: Sewer and Gauntlet.

You collected 678 gold pieces.
You spent 431 gold pieces at shops.

Inventory:

Hand Weapons
 a - a +3 hand axe of venom (weapon)
 b - a +0 hand crossbow
 N - a +0 glaive of venom
Missiles
 x - 8 curare-tipped darts (quivered)
 O - 5 boomerangs
 Q - 120 bolts
Armour
 g - a +2 pair of gloves (worn)
 p - a +1 plate armour (worn)
 w - a +2 robe of fire resistance
 A - a +2 pair of boots
 F - a scarf of resistance (worn)
 J - a +2 chain mail of cold resistance
 L - the +2 pair of boots "Jueh" (worn) {rF+ Int+2}
   (You found it in a Gauntlet)

   It affects your intelligence (+2).
   It protects you from fire.
 S - the +0 pair of gloves of Experimentation {rF+ rN+ rCorr, unknown}
   (You found it in a Gauntlet)

   It protects you from fire.
   It protects you from negative energy.
   It provides partial protection from all sources of acid and corrosion.
Jewellery
 B - a +6 ring of strength (left hand)
 G - an uncursed ring of ice
 R - the ring of Gicobim (right hand) {MR+ EV+4 Str+9 Dex-3 Stlth+}
   (You found it in a Gauntlet)

   [ring of evasion]

   It affects your evasion (+4).
   It affects your strength (+9).
   It affects your dexterity (-3).
   It affects your resistance to hostile enchantments.
   It makes you more stealthy.
Wands
 q - a wand of paralysis (21)
 t - a wand of random effects (15)
 u - a wand of enslavement (8)
 v - a wand of flame (16)
 D - a wand of digging (11)
 E - a wand of acid (6)
Scrolls
 d - a scroll of amnesia
 f - a scroll of fog
 i - a scroll of identify
 k - 2 scrolls of remove curse
 r - a scroll of magic mapping
 y - a scroll of noise
 I - a scroll of random uselessness
Potions
 e - 2 potions of berserk rage
 h - 2 potions of stabbing
 j - 2 potions of invisibility
 l - 4 potions of curing
 m - 2 potions of resistance
 n - 2 potions of flight
 o - 4 potions of haste
 s - a potion of might
 z - a potion of heal wounds
 C - 2 potions of lignification
 H - 2 potions of mutation
 K - a potion of ambrosia
 M - 2 potions of brilliance
 P - a potion of degeneration {unknown}
Comestibles
 c - 8 rations


   Skills:
 + Level 9.2 Fighting
 * Level 11.0 Axes
 + Level 8.9 Armour
 - Level 1.0 Dodging
 + Level 8.0 Invocations


You had 10 spell levels left.
You didn't know any spells.
Your spell library contained the following spells:

 Spells                   Type           Power        Failure   Level  Hunger
 Corona                   Hex            #......      86%         1    ##.....
 Summon Small Mammal      Summ           #...         86%         1    ##.....
 Call Imp                 Summ           #.......     94%         2    ###....
 Ensorcelled Hibernation  Hex/Ice        #.....       94%         2    ###....
 Call Canine Familiar     Summ           #.......     99%         3    ####...
 Confusing Touch          Hex            #.......     99%         3    ####...
 Dazzling Flash           Conj/Hex       #.....       99%         3    ####...
 Recall                   Summ/Tloc      N/A          99%         3    ####...
 Summon Guardian Golem    Hex/Summ       #.......     99%         3    ####...
 Tukima's Dance           Hex            #.......     99%         3    ####...
 Summon Ice Beast         Ice/Summ       #.......     100%        4    #####..
 Summon Lightning Spire   Summ/Air       #.......     100%        4    #####..
 Summon Demon             Summ           #.........   100%        5    ######.
 Dragon's Call            Summ           #.........   100%        9    #######


Dungeon Overview and Level Annotations

Branches:
Dungeon (11/15)            Temple (0/1) D:7            Lair (0/6) D:10
    Orc (0/2) D:9           Sewer (visited)         Gauntlet (1/1)

Altars:
Dithmenos
Gozag
Kikubaaqudgha
Makhleb
Nemelex Xobeh
Ru
Sif Muna
Zin
The Shining One

Shops:
D:5 [   D:9 (*!

Annotations:
D:3 2 transporters
Abyss:1 Sonja Gauntlet 10 transporters, corrupted


Innate Abilities, Weirdness & Mutations

You cannot be hasted, slowed, berserked, paralysed or teleported.
You can dig through walls and to a lower floor.
Your four strong arms can wield two-handed weapons with a shield.
You have a pair of large antennae on your head. (SInv)


Message History

You slash the death ooze!
The death ooze is severely damaged.
The death ooze hits you!
* * * LOW HITPOINT WARNING * * *
You feel your flesh rotting away! The death ooze hits you!
* * * LOW HITPOINT WARNING * * *
You feel much better. The death ooze barely misses you.
The death ooze hits you but does no damage.
You feel much better. The death ooze closely misses you.
The death ooze hits you! x2; The death ooze hits you!!
* * * LOW HITPOINT WARNING * * *
You feel much better. The death ooze barely misses you.
The death ooze hits you!!
* * * LOW HITPOINT WARNING * * *
You hit the death ooze.
The death ooze is severely damaged.
The death ooze hits you!
* * * LOW HITPOINT WARNING * * *
You feel your flesh rotting away! The death ooze hits you!
You die...

##..#.......#..#.##...##.
#≈..#.#####.#..#..##.##..
##..#^..#..^#..#..!.©[...
#≈..####©####..##########
##..#^..#..^#......#©#...
#≈..#.#####.#......#©#...
##..#...©?..#..##########
#≈..#########..#ZZ.....ZZ
##.....#@#.....#Z#.....#Z
#≈.....#J#.....#.##...##.
##..#########..#..##.##..
#≈..##..#5#3#..#....©....
##..#.##.#5##..#..#####..
#≈..##..##.##..#.##...##.
##..##.#©.#.#..#.#.....#.
#≈..#.#..##.#..#....©!$..
##..#.###..##..##########


You could see a death ooze, a sixfirhy and 2 ufetubi.

Vanquished Creatures
  Pikel (D:7)
  A troll (D:9)
  A hippogriff (D:7)
  A wyvern (D:9)
  A steam dragon (D:8)
  2 water moccasins (D:8)
  2 porcupines (D:10)
  Purgy (Sewer)
  5 orc warriors
  A black bear (D:10)
  An eye of draining (D:9)
  4 sky beasts
  A slave (D:7)
  2 phantoms
  3 ogres
  A necrophage (D:6)
  An ice beast (D:10)
  2 centaurs
  2 big kobolds
  12 bullfrogs
  A water moccasin zombie (D:9)
  4 scorpions
  5 wights (D:11)
  4 killer bees (D:9)
  7 crimson imps
  2 bullfrog zombies (D:9)
  3 jellies
  6 orc priests
  4 hounds
  2 centaur skeletons (D:10)
  7 orc wizards
  Terence (D:2)
  Natasha (twice) (D:2)
  4 iguanas
  5 worker ants
  A killer bee zombie (D:10)
  A hound zombie (D:9)
  2 hound skeletons (D:6)
  3 worker ant zombies
  12 adders
  13 gnolls
  A howler monkey skeleton (D:7)
  2 river rats (D:6)
  A shadow imp (Gauntlet)
  3 white imps (Gauntlet)
  2 adder zombies
  An ooze (D:1)
  2 adder skeletons
  2 worms
  2 leopard geckos
  20 orcs
  3 ball pythons
  3 bats
  7 giant cockroaches
  10 goblins
  8 hobgoblins
  9 jackals
  7 quokkas
  4 frilled lizards
  A jackal skeleton (D:4)
  17 kobolds
  7 rats
  3 fungi (D:10)
  3 plants (D:10)
252 creatures vanquished.

Vanquished Creatures (others)
  A minotaur (Gauntlet)
  2 wizards (Gauntlet)
  A hellion (Gauntlet)
  A red devil (Gauntlet)
  A hell hound (Gauntlet)
  An orc wizard (D:8)
  A shadow imp (Gauntlet)
  A white imp (Gauntlet)
  An orc (D:8)
  4 fungi (D:10)
  A withered plant (Gauntlet)
15 creatures vanquished.

Grand Total: 267 creatures vanquished

Notes
Turn   | Place    | Note
-------+----------+-------------------------------------------
     0 | Abyss:1  | mortelune the Formicid Abyssal Knight began the quest for
                  | the Orb.
     0 | Abyss:1  | Reached XP level 1. HP: 18/18 MP: 2/2
   122 | Abyss:1  | Noticed a tentacled starspawn
   123 | D:1      | Escaped the Abyss
   525 | D:1      | Reached skill level 1 in Dodging
  1001 | D:1      | Reached * piety under Lugonu
  1013 | D:1      | Reached XP level 2. HP: 24/24 MP: 3/3
  1258 | D:1      | Reached XP level 3. HP: 30/30 MP: 4/4
  1820 | D:2      | Reached XP level 4. HP: 28/37 MP: 5/5
  2294 | D:2      | Reached skill level 3 in Axes
  2302 | D:2      | Reached ** piety under Lugonu
  2951 | D:3      | Noticed Terence
  2952 | D:3      | Noticed Natasha
  3275 | D:2      | Killed Terence
  3275 | D:2      | Reached XP level 5. HP: 31/43 MP: 6/6
  3808 | D:2      | Killed Natasha
  3904 | D:2      | Noticed Natasha
  3924 | D:2      | Killed Natasha
  3924 | D:2      | Reached XP level 6. HP: 36/49 MP: 7/7
  4035 | D:2      | Reached skill level 4 in Axes
  4266 | D:3      | Found a shimmering blue altar of Sif Muna.
  4850 | D:3      | Found an ancient bone altar of Kikubaaqudgha.
  4850 | D:3      | Found a glowing silver altar of Zin.
  4872 | D:3      | Found a transporter.
  4884 | D:3      | Found a transporter.
  5260 | D:4      | Reached skill level 5 in Fighting
  5564 | D:4      | Found a sacrificial altar of Ru.
  5586 | D:4      | Reached XP level 7. HP: 54/56 MP: 8/8
  5666 | D:4      | Reached skill level 5 in Axes
  6391 | D:5      | Entered Level 5 of the Dungeon
  6549 | D:5      | Reached skill level 5 in Armour
  6690 | D:5      | Found a burning altar of Makhleb.
  6741 | D:5      | Reached XP level 8. HP: 64/64 MP: 9/9
  6822 | D:5      | Reached *** piety under Lugonu
  6822 | D:5      | Reached skill level 6 in Axes
  6849 | D:5      | Got a sheer robe
  6886 | D:5      | Identified the +1 robe of the Hart {Str+4 Dex+4 Slay+3}
                  | (You found it on level 5 of the Dungeon)
  6896 | D:5      | Found Gane's Antique Armour Shop.
  6903 | D:5      | Bought a runed scarf for 208 gold pieces
  7027 | D:5      | Found a burning altar of Makhleb.
  7361 | D:6      | Found a glowing drain.
  7370 | Sewer    | Entered a sewer
  7466 | Sewer    | Noticed Purgy
  7487 | Sewer    | Killed Purgy
  7906 | D:6      | Reached skill level 7 in Axes
  7958 | D:6      | Reached XP level 9. HP: 71/71 MP: 11/11
  8010 | D:6      | Found a burning altar of Makhleb.
  8081 | D:6      | Found a glowing golden altar of the Shining One.
  8296 | D:6      | Found a shadowy altar of Dithmenos.
  8499 | D:6      | Reached skill level 8 in Axes
  8527 | D:6      | Identified Sif Muna's Catalogue of the Entourage
  9401 | D:7      | Reached skill level 5 in Invocations
  9419 | D:7      | Found an opulent altar of Gozag.
  9448 | D:7      | Noticed a hippogriff
  9468 | D:7      | Killed a hippogriff
  9507 | D:7      | Reached **** piety under Lugonu
  9872 | D:7      | Found a staircase to the Ecumenical Temple.
  9887 | D:7      | Noticed Pikel
  9915 | D:7      | Killed Pikel
  9915 | D:7      | Reached skill level 9 in Axes
  9915 | D:7      | Reached XP level 10. HP: 61/80 MP: 14/14
 11434 | D:8      | Found a sparkling altar of Nemelex Xobeh.
 11868 | D:9      | Found Bochal Ihiru's Assorted Antiques.
 11878 | D:9      | Bought a grey potion for 22 gold pieces
 11878 | D:9      | Bought a scroll labeled XUOMEYSCHYSE for 25 gold pieces
 11878 | D:9      | Bought a dark potion for 22 gold pieces
 12463 | D:9      | Reached skill level 10 in Axes
 12783 | D:9      | Reached ***** piety under Lugonu
 12889 | D:9      | Found a staircase to the Orcish Mines.
 13312 | D:9      | Found Edofofugh's Distillery.
 13320 | D:9      | Bought a potion of mutation for 112 gold pieces
 13320 | D:9      | Bought a potion of curing for 42 gold pieces
 13358 | D:9      | Found Zudoip's Weapon Shoppe.
 13760 | D:10     | Entered Level 10 of the Dungeon
 13769 | D:10     | Reached XP level 11. HP: 87/87 MP: 16/16
 13837 | D:10     | Found a staircase to the Lair.
 14569 | D:11     | Found a gate leading to a gauntlet.
 14578 | D:11     | Noticed Sonja
 14579 | D:11     | Banished Sonja
 14580 | D:11     | Reached skill level 11 in Axes
 14595 | Gauntlet | Entered a Gauntlet
 14595 | Gauntlet | Found a transporter.
 14595 | Gauntlet | Found a transporter.
 14719 | Gauntlet | Found a transporter.
 14720 | Gauntlet | Found a transporter.
 14720 | Gauntlet | Found a transporter.
 14723 | Gauntlet | Found a transporter.
 14731 | Gauntlet | Found a transporter.
 14732 | Gauntlet | Found a transporter.
 14734 | Gauntlet | Found a transporter.
 14734 | Gauntlet | Found a transporter.
 14737 | Gauntlet | Noticed a wizard
 14738 | Gauntlet | Noticed a wizard
 14742 | Gauntlet | Found a transporter.
 14742 | Gauntlet | Found a transporter.
 14824 | Gauntlet | Noticed a death ooze
 14831 | Gauntlet | Noticed a sixfirhy
 14891 | Gauntlet | Corrupted Gauntlet
 14891 | Gauntlet | Noticed a worldbinder
 14894 | Gauntlet | Killed a wizard
 14898 | Gauntlet | Killed a wizard
 14930 | Gauntlet | Killed a minotaur
 15128 | Gauntlet | Got a pair of smoking boots
 15162 | Gauntlet | Identified the +2 pair of boots "Jueh" {rF+ Int+2} (You
                  | found it in a Gauntlet)
 15202 | Gauntlet | Got an ancient pewter ring
 15204 | Gauntlet | Identified the ring of Gicobim {MR+ EV+4 Str+9 Dex-3
                  | Stlth+} (You found it in a Gauntlet)
 15264 | Gauntlet | Got a pair of pitted gloves
 15282 | Gauntlet | HP: 2/89 [death ooze (11)]
 15282 | Gauntlet | Demolished by a death ooze

Illustrated notes

Levels and vault maps discovered:
D:1:      wander_arrival_peaceful_grave, layout_loops_ring,
          columned_hall_lemuel, minmay_crystal_water
D:2:      layout_basic
D:3:      gammafunk_steamed_eel, layout_basic, led_sif_pool,
          gammafunk_temple_overflow_elements, first_ration,
          nrook_mini_backslash, uniq_natasha, uniq_terence
D:4:      layout_rooms, nicolae_ru_awakened_eye
D:5:      layout_loops_ring, kennysheep_mini_moat, basic_altar, serial_shops,
          nicolae_shop_overgrown_old_shop
D:6:      kennysheep_six_static_rooms, layout_basic, overflow_temple_1_default,
          grunt_dithmenos_shadows, portal_sewer_entry_b,
          makhleb_blood_cavern_becter
D:7:      layout_basic, nicolae_gozag_seed_capital,
          minmay_temple_entry_statues_fountains, uniq_pikel
D:8:      layout_loops_ring, old_standard_altar
D:9:      layout_basic, orc_0_dummy, serial_shops, kennysheep_little_box, shop,
          nicolae_shop_crystal
D:10:     layout_basic, grunt_lair_entry_orc_guard_hut
D:11:     layout_basic, gauntlet_entry_generic, serial_shops, shop,
          hangedman_fish_farm, minmay_variable_closet, uniq_sonja, uniq_nergalle
Gauntlet: minmay_gauntlet_mixed_big_or_small
          [gammafunk_gauntlet_arena_split_diamond,
          minmay_gauntlet_arena_77_two_paths, gammafunk_gauntlet_arena_split_x,
          minmay_gauntlet_arena_77_mess, gammafunk_gauntlet_arena_spirals,
          minmay_gauntlet_arena_77_p_blocks, gauntlet_exit_watery]

Skill      XL: |  1  2  3  4  5  6  7  8  9 10 11 |
---------------+----------------------------------+-----
Dodging        | 1 |  1.0
Fighting       | 4 5 6 7 8 9 |  9.2
Armour         | 3 4 5 6 7 8 |  8.9
Axes           | 3 4 5 7 9 10 11 | 11.0
Invocations    | 3 5 7 8 |  8.0

Action                   |  1- 3 |  4- 6 |  7- 9 | 10-12 || total
-------------------------+-------+-------+-------+-------++-------
Melee: Hand axe          |   115 |   262 |   369 |   415 ||  1161
 Fire: Hand crossbow     |       |       |     2 |       ||     2
Invok: Depart the Abyss  |     1 |       |       |       ||     1
       Bend Space        |       |     1 |       |     1 ||     2
       Banish            |       |       |       |     1 ||     1
       Corrupt           |       |       |       |     1 ||     1
Evoke: Wand              |       |       |       |     2 ||     2
  Use: Scroll            |       |       |    12 |    12 ||    24
       Potion            |       |       |     2 |     7 ||     9
  Eat: Chunk             |     3 |     9 |    13 |    10 ||    35
       Ration            |       |     1 |       |     3 ||     4
Armor: Ring mail         |    45 |    39 |       |       ||    84
       Leather armour    |     2 |       |       |       ||     2
       Chain mail        |       |    88 |       |       ||    88
       Plate armour      |       |    15 |   271 |   278 ||   564
Dodge: Dodged            |    61 |   123 |    85 |   136 ||   405
